[Event "Sabato rapido!"]
[Site "Chess.com"]
[Date "2020.05.30"]
[Round "5"]
[White "SanSecondoPR"]
[Black "fausto2p"]
[Result "1-0"]
[WhiteElo "1335"]
[BlackElo "1181"]
[TimeControl "720+3"]
[EndTime "7:53:18 PDT"]
[Termination "SanSecondoPR ha vinto per abbandono"]

1. e4 e6 2. e5 Nc6 3. d4 f6 4. Qh5+ g6 5. Qe2 fxe5 6. dxe5 Bg7 7. Nf3 Nge7 8. Bg5 O-O 9. Nc3 h6 10. Bh4 d6 11. O-O-O Qe8 12. exd6 cxd6 13. Rxd6 Nf5 14. Rd1 Nxh4 15. Nxh4 Nd4 16. Qd3 Nf5 17. Nxf5 exf5 18. Qd5+ Be6 19. Qxb7 Bxc3 20. bxc3 Bxa2 21. c4 Qa4 22.
Qd5+ Kh8 23. Qd4+ Kg8 24. Bd3 Qa3+ 25. Qb2 Qa4 26. Qb5 Qa3+ 27. Qb2 Qa4 28. Qc3 Rab8 29.
Kd2 Rfd8 30. Ra1 Rbc8 31. Qb2 Qb4+ 32. Qxb4 1-0

[Event "Sabato rapido!"]
[Site "Chess.com"]
[Date "2020.05.30"]
[Round "5"]
[White "APipitone"]
[Black "caramante"]
[Result "1-0"]
[WhiteElo "1513"]
[BlackElo "1550"]
[TimeControl "720+3"]
[EndTime "7:54:16 PDT"]
[Termination "APipitone ha vinto per abbandono"]

1. e4 c5 2. Nf3 d6 3. d4 cxd4 4. Nxd4 Nf6 5. Nc3 a6 6. a4 e6 7. Be2 Be7 8. O-O Qc7 9. f4 O-O 10. Kh1 Nc6 11. Be3 Bd7 12. Bf3 Rac8 13. Qe1 Nb4 14.
Qf2 e5 15. fxe5 dxe5 16. Nf5 Bxf5 17. exf5 Bc5 18. Rac1 Bxe3 19. Qxe3 Rfe8 20. Be4 Qc5 21. Qxc5 Rxc5 22. Bxb7 e4 23. Rf4 Rce5 24. g4 h6 25. Kg2 Nbd5 26. Nxd5 Nxd5 27. Bxd5 Rxd5 28. h4 e3 29. Kf3 Rd2 30. Re4 Rf2+ 31. Kxe3 Rxe4+ 32. Kxf2 Rxg4 33. b3 Rf4+ 34. Kg3 Rxf5 35. c4 Re5 36. Kf4 Re6 37. c5 a5 38. c6 Re8 39. c7 Rc8 40. Ke4 Kf8 41. Kd5 Ke7 42. Kc6 f5 43. Re1+ Kf6 44.
Kd7 Rxc7+ 45. Kxc7 g5 46. hxg5+ hxg5 47. Kd6 f4 48. Kc5 Kf5 49. Kd4 f3 50. Ke3 g4 51.
Kf2 Kf4 52. Rc1 g3+ 53. Kf1 Ke3 54. Rc3+ Kf4 55. Rc4+ Ke3 56. Rc3+ Ke4 57. Rc8 Ke3 58. Re8+ Kf4 59. Re7 Kg4 60. Rg7+ Kf4 61. Ke1 Ke3 62. Rxg3 Kf4 63. Rg8 1-0

[Event "Sabato rapido!"]
[Site "Chess.com"]
[Date "2020.05.30"]
[Round "5"]
[White "Mrtre7"]
[Black "Carbon"]
[Result "0-1"]
[WhiteElo "1462"]
[BlackElo "1762"]
[TimeControl "720+3"]
[EndTime "8:02:18 PDT"]
[Termination "Carbon ha vinto per scaccomatto"]

1. d4 Nf6 2. c4 g6 3. Nc3 Bg7 4.
e4 d6 5. Nf3 O-O 6. Be2 e5 7.
Be3 Ng4 8. Bg5 f6 9. Bc1 Nc6 10. d5 Ne7 11. h3 Nh6 12. O-O Nf7 13. b4 f5 14. c5 f4 15. cxd6 cxd6 16. Ba3 g5 17.
Rc1 a6 18. Nd2 Ng6 19. Nc4 Nh4 20. Qb3 f3 21. gxf3 Bxh3 22. Rfd1 Ng6 23. b5 Nf4 24. bxa6 bxa6 25. Qb4 Rc8 26. Nxd6 Rxc3 27. Nxf7 Rxf7 28. Bxa6 Rxc1 29. Rxc1 Bf8 30. Qb3 Bxa3 31. Qxa3 Qb6 32. Rc8+ Bxc8 33. Bxc8 Qb1+ 34. Kh2 Qf1 35. Qd6 Qg2# 0-1

[Event "Sabato rapido!"]
[Site "Chess.com"]
[Date "2020.05.30"]
[Round "6"]
[White "fausto2p"]
[Black "ottovolante"]
[Result "1-0"]
[WhiteElo "1186"]
[BlackElo "999"]
[TimeControl "720+3"]
[EndTime "8:11:24 PDT"]
[Termination "fausto2p ha vinto per scaccomatto"]

1. d4 e6 2. c4 Nf6 3. Nc3 Bb4 4. Nf3 Bxc3+ 5. bxc3 O-O 6. Qc2 b6 7. e4 Bb7 8. Bd3 d6 9. O-O Nbd7 10. Bg5 Re8 11. e5 dxe5 12. dxe5 g6 13. exf6 Bxf3 14. gxf3 Ne5 15.
Be4 Rb8 16. Rad1 Qc8 17. Qe2 Qa6 18. Bh4 Red8 19. Qe3 Nxc4 20. Qh6 Rxd1 21. Qg7# 1-0

[Event "Sabato rapido!"]
[Site "Chess.com"]
[Date "2020.05.30"]
[Round "6"]
[White "SanSecondoPR"]
[Black "pedrak"]
[Result "0-1"]
[WhiteElo "1333"]
[BlackElo "1701"]
[TimeControl "720+3"]
[EndTime "8:13:01 PDT"]
[Termination "pedrak ha vinto per abbandono"]

1. e4 d6 2. Nf3 e5 3. d4 exd4 4. Nxd4 Nf6 5. Bg5 Be7 6. Nc3 O-O 7. Nf5 Bxf5 8. exf5 Re8 9. Be2 c6 10. O-O d5 11. Bf3 Nbd7 12. Re1 Bb4 13. a3 Bxc3 14.
bxc3 Rxe1+ 15. Qxe1 Qa5 16. Rb1 b6 17. Bd2 Qxa3 18. g4 Re8 19. Qd1 Qd6 20. Bg2 Ne4 21. Bxe4 Rxe4 22. Be3 h6 23. Ra1 a5 24. Rb1 b5 25. c4 Rxc4 26. Qd2 Rxg4+ 27. Kh1 d4 28.
Rg1 Qd5+ 29. f3 Qxf3+ 30. Rg2 dxe3 0-1

[Event "Sabato rapido!"]
[Site "Chess.com"]
[Date "2020.05.30"]
[Round "6"]
[White "crippo"]
[Black "Mrtre7"]
[Result "0-1"]
[WhiteElo "1552"]
[BlackElo "1472"]
[TimeControl "720+3"]
[EndTime "8:18:02 PDT"]
[Termination "Mrtre7 ha vinto per scaccomatto"]

1. e4 c5 2. Nc3 g6 3. Nf3 Bg7 4. Bc4 a6 5. a4 Nc6 6. d3 e6 7. h4 Nge7 8. h5 h6 9. hxg6 fxg6 10.
Nh4 d5 11. exd5 exd5 12. Ba2 Nb4 13. O-O Nxa2 14. Rxa2 g5 15. Qh5+ Kf8 16. Ng6+ Nxg6 17. Qxg6 Qe7 18. Bd2 Qe6 19. Qh5 Bd7 20. Re1 Qf5 21.
Ne2 Re8 22. Ng3 Rxe1+ 23. Bxe1 Qe6 24. Bc3 d4 25. Ba5 Qxa2 26. Qg6 Qf7 27. Qb6 Bf6 28.
Qxc5+ Kg7 29. Ne4 Qe7 30. Qb6 Rc8 31. Qa7 Rxc2 32. Bb6 Rc1+ 33. Kh2 Qe5+ 34. g3 Qf5 35. Qxb7 Qh3# 0-1

[Event "Sabato rapido!"]
[Site "Chess.com"]
[Date "2020.05.30"]
[Round "6"]
[White "caramante"]
[Black "sergiodone"]
[Result "1-0"]
[WhiteElo "1557"]
[BlackElo "1428"]
[TimeControl "720+3"]
[EndTime "8:22:54 PDT"]
[Termination "caramante ha vinto per abbandono"]

1. Nf3 c5 2. e4 d6 3. d3 g6 4. g3 Bg7 5. Bg2 Nf6 6. c3 Nc6 7. O-O Bd7 8. Re1 Qc7 9. h3 O-O 10. Be3 b5 11. Nbd2 Rab8 12. Rc1 a6 13. d4 c4 14. d5 Nd8 15. Nd4 Qc8 16. Kh2 e5 17.
dxe6 fxe6 18. f4 e5 19. Ne2 Bc6 20. g4 Nf7 21. Ng3 exf4 22. Bxf4 Ne5 23. Bxe5 dxe5 24. Rf1 Qc7 25. Qe2 Rbd8 26. Nf3 Rd3 27. Rcd1 Rfd8 28. Rxd3 cxd3 29. Qe3 Bb7 30. Rd1 Qd6 31. g5 Nd7 32. Rxd3 Qe6 33. Qd2 Bc6 34. h4 Rc8 35. Bh3 Qf7 36. Kg2 Rd8 37. Rd6 Qf4 38. Qd3 Bxe4 39. Nxe4 Bf8 40. Rxd7 Rxd7 41. Qxd7 Qxe4 42. Be6+ Kh8 43.
Qf7 1-0

[Event "Sabato rapido!"]
[Site "Chess.com"]
[Date "2020.05.30"]
[Round "6"]
[White "Carbon"]
[Black "APipitone"]
[Result "1-0"]
[WhiteElo "1765"]
[BlackElo "1502"]
[TimeControl "720+3"]
[EndTime "8:27:44 PDT"]
[Termination "Carbon ha vinto per abbandono"]

1. e4 c5 2. Nf3 d6 3. c3 e6 4. d4 cxd4 5. cxd4 Nf6 6. Nc3 Nc6 7. Bd3 Be7 8. O-O O-O 9. Bg5 a6 10. Rc1 Bd7 11. Re1 b5 12. e5 dxe5 13. dxe5 Nd5 14. Bxe7 Qxe7 15. Nxd5 exd5 16. Qe2 Rac8 17. Qe3 Bg4 18.
Nd4 Nxd4 19. Qxd4 Be6 20. f4 Rxc1 21. Rxc1 Rd8 22. f5 Bc8 23. f6 Qe6 24. Qh4 gxf6 25. Bxh7+ Kf8 26. Qh6+ Ke8 27. exf6 Bb7 28. Qf4 d4 29.
Bf5 Qe3+ 30. Qxe3+ dxe3 31. Re1 Rd2 32. Rxe3+ Kd8 33.
Rd3+ Rxd3 34. Bxd3 Bd5 35. a3 Kc7 36. g4 Kd6 37. Kf2 Ke5 38. g5 Kf4 39. g6 fxg6 40. Bxg6 Kg5 41. f7 1-0